 Dungeon Sprint DCSS version 0.31-a0-1074-g0b22e4e0f1 (webtiles) character file.

Game seed: 17348690115910283682

1061 tbh1313 the Bludgeoner (level 8, -5/73 (78) HPs)
             Began as an Ogre Berserker on Nov 28, 2023.
             Was a Priest of Trog.
             Slain by a soul eater (23 damage)
             ... summoned by a kobold demonologist
             ... in the Dungeon (Sprint I: "Red Sonja").
             The game lasted 00:02:22 (516 turns).

tbh1313 the Bludgeoner (Ogre Berserker)              Turns: 516, Time: 00:02:23

HP:   -5/73 (78)    AC:  3    Str: 24      XL:     8   Next: 27%
MP:   8/8           EV:  9    Int:  8      God:    Trog [***...]
Gold: 425           SH:  0    Dex:  6 (8)  Spells: 7/7 levels left

rFire   . . .        a - +0 mace
rCold   . . .        (no shield)
rNeg    . . .        k - +0 robe
rPois   .            (helmet restricted)
rElec   .            (no cloak)
rCorr   .            (gloves unavailable)
SInv    .            (boots unavailable)
Will    ++...        (no amulet)
Stlth   +            (no ring)
HPRegen 1.32/turn    (no ring)
MPRegen 0.11/turn

%: no teleportation
@: strong-willed (expiring), on berserk cooldown, regenerating (expiring),
slowed, drained, very slow
A: large, unfitting armour, tough skin 1
a: Renounce Religion, Berserk, Trog's Hand


You were in the Dungeon.
You worshipped Trog.
Trog was most pleased with you.
You visited 1 branch You collected 425 gold pieces.

Inventory:

Hand Weapons
 a - a +0 mace (weapon)
 j - a +0 giant spiked club
Armour
 k - a +0 robe (worn)
Wands
 i - a wand of flame (19)
Scrolls
 h - a scroll of blinking
Potions
 d - a potion of heal wounds
 e - a potion of haste
 f - 2 potions of magic
 g - a potion of berserk rage


   Skills:
 - Level 4.0 Fighting
 + Level 16.1 Maces & Flails
 - Level 2.6 Dodging


You had 7 spell levels left.
You didn't know any spells.
Your spell library was empty.

Dungeon Overview and Level Annotations

Branches:
Dungeon (1/1)

Altars:
Cheibriados
Dithmenos
Elyvilon
Fedhas
Gozag
Hepliaklqana
Kikubaaqudgha
Makhleb
Nemelex Xobeh
Okawaru
Qazlal
Ru
Sif Muna
Trog
Uskayaw
Vehumet
Wu Jian
Xom
Yredelemnul
Zin
The Shining One
Jiyva
Lugonu

Shops:
D [


Innate Abilities, Weirdness & Mutations

You are too large for most types of armour.
You have tough skin. (AC +1)


Message History

a - a +0 mace (weapon)
The kobold demonologist hits you with a +0 dagger.
The quasit bites you. The quasit closely misses you.
The quasit claws you but does no damage.
Aiming: Throw Flame
Press: ? - help, Shift-Dir - straight line, f - kobold demonologist
Aim: a kobold demonologist, wielding a +0 dagger and wearing a +0 robe (moderately wounded, 56% to hit)
The puff of flame hits the kobold demonologist but does no damage.
The kobold demonologist is moderately wounded.
The quasit bites you but does no damage.
The quasit barely misses you. x2
The kobold demonologist hits you with a +0 dagger.
The white imp grins evilly.
You barely miss the kobold demonologist.
The kobold demonologist is moderately wounded.
The kobold demonologist barely misses you.
The orange demon stings you from afar.
You sock the kobold demonologist!
The kobold demonologist is heavily wounded.
The soul eater hits you.
You feel drained.
The kobold demonologist closely misses you.
The orange demon closely misses you.
You sock the kobold demonologist!
The kobold demonologist is almost dead.
You feel the effects of Trog's Hand fading.
The soul eater hits you!
You feel drained.
The kobold demonologist looks satisfied for a moment.
The orange demon stings you from afar!
* * * LOW HITPOINT WARNING * * *
You are lethally poisoned!
The orange demon poisons you!
You hit the kobold demonologist.
The kobold demonologist is almost dead.
* * * LOW HITPOINT WARNING * * *
You feel extremely sick.
The soul eater draws from the surrounding life force!
The kobold demonologist looks braver for a moment.
The orange demon stings you but does no damage.
You feel better. The soul eater hits you!!
You die...

#####################
.†..#..'..#__#..@345#
.#..'[.#..'..'..#K5.#
###'#####'#__####5..+
##..#...#:#### ####
_####..##.#
____##'#_.+
.∩...'..._#
..__##_.#'#
____###+#.#


You could see a soul eater (summoned), an orange demon (summoned), a kobold
demonologist, 2 quasits and a white imp (summoned).

Levels and vault maps discovered:
D:        dungeon_sprint_1 [red_sonja_temple_1, red_sonja_temple_small_1]

Notes
Turn   | Place    | Note
-------+----------+-------------------------------------------
     0 | D        | tbh1313 the Ogre Berserker began the quest for the Orb.
     0 | D        | Reached XP level 1. HP: 24/24 MP: 1/1
     1 | D        | Noticed Ijyb
     8 | D        | Killed Ijyb
     9 | D        | Reached skill level 5 in Maces & Flails
     9 | D        | Reached XP level 2. HP: 28/32 MP: 2/2
     9 | D        | Reached XP level 3. HP: 34/39 MP: 3/3
    59 | D        | Noticed an ogre
    63 | D        | Killed an ogre
    64 | D        | Reached skill level 8 in Maces & Flails
    64 | D        | Reached XP level 4. HP: 36/48 MP: 4/4
   141 | D        | Noticed Sigmund
   148 | D        | Killed Sigmund
   148 | D        | Reached ** piety under Trog
   149 | D        | Reached skill level 11 in Maces & Flails
   149 | D        | Reached XP level 5. HP: 54/54 MP: 5/5
   149 | D        | Reached XP level 6. HP: 62/62 MP: 6/6
   290 | D        | Found an ornate altar of the Wu Jian Council.
   290 | D        | Found a shimmering blue altar of Sif Muna.
   292 | D        | Found a radiant altar of Vehumet.
   295 | D        | Reached skill level 12 in Maces & Flails
   300 | D        | Found Ejaguuf's Antique Armour Emporium.
   300 | D        | Found an ancient bone altar of Kikubaaqudgha.
   300 | D        | Found a hazy altar of Hepliaklqana.
   300 | D        | Found a stormy altar of Qazlal.
   300 | D        | Found a hide-covered altar of Uskayaw.
   300 | D        | Found a blossoming altar of Fedhas.
   300 | D        | Found a bloodstained altar of Trog.
   300 | D        | Found an iron altar of Okawaru.
   300 | D        | Found a basalt altar of Yredelemnul.
   300 | D        | Found a glowing golden altar of the Shining One.
   300 | D        | Found a snail-covered altar of Cheibriados.
   300 | D        | Found a sacrificial altar of Ru.
   300 | D        | Found a glowing silver altar of Zin.
   300 | D        | Found a shadowy altar of Dithmenos.
   300 | D        | Found a white marble altar of Elyvilon.
   300 | D        | Noticed a yak
   307 | D        | Killed a yak
   308 | D        | Reached skill level 13 in Maces & Flails
   308 | D        | Reached XP level 7. HP: 36/70 MP: 7/7
   309 | D        | Found an opulent altar of Gozag.
   332 | D        | Found a sparkling altar of Nemelex Xobeh.
   431 | D        | Found a burning altar of Makhleb.
   431 | D        | Found a viscous altar of Jiyva.
   431 | D        | Found a shimmering altar of Xom.
   431 | D        | Found a corrupted altar of Lugonu.
   431 | D        | Noticed a slime creature
   435 | D        | Killed a slime creature
   436 | D        | Reached skill level 14 in Maces & Flails
   487 | D        | Noticed a kobold demonologist
   487 | D        | Noticed a glass eye
   490 | D        | Noticed a kobold demonologist
   491 | D        | Killed a glass eye
   491 | D        | Reached *** piety under Trog
   492 | D        | Reached skill level 15 in Maces & Flails
   492 | D        | Noticed an orange demon
   495 | D        | Killed a kobold demonologist
   496 | D        | Reached skill level 16 in Maces & Flails
   496 | D        | Reached XP level 8. HP: 78/78 MP: 8/8
   509 | D        | Noticed a soul eater
   510 | D        | Noticed an orange demon
   515 | D        | HP: 6/73 [poisoned by an orange demon]
   516 | D        | Slain by a soul eater

Table legend: (Time is in decaauts)
 A = Elapsed time spent in this place.
 B = Non-inter-level travel time spent in this place.
 C = Inter-level travel time spent in this place.
 D = Time resting spent in this place.
 E = Time spent auto-exploring this place.
 F = Levels seen in this place.
 G = Mean time per level.
                   A        B        C        D        E       F      G
               +--------+--------+--------+--------+--------+-----+--------+
         Total |    544 |    544 |      0 |    381 |      0 |   1 |  544.0 |
       Dungeon |    544 |    544 |      0 |    381 |      0 |   1 |  544.0 |
               +--------+--------+--------+--------+--------+-----+--------+

Top non-repeatable levels by time:
       D: 544 daAuts

Table legend:
 A = Kills in this place as a percentage of kills in the entire game.
 B = Kills by you in this place as a percentage of kills by you in the entire game.
 C = Kills by friends in this place as a percentage of kills by friends in the entire game.
 D = Other kills in this place as a percentage of other kills in the entire game.
 E = Experience gained in this place as a percentage of experience gained in the entire game.
 F = Experience gained in this place divided by the number of levels of this place that you have seen.
                   A       B       C       D       E      F
               +-------+-------+-------+-------+-------+----------------------
         Total | 100.0 | 100.0 |   N/A |   N/A | 100.0 | 1516.0
       Dungeon | 100.0 | 100.0 |   N/A |   N/A | 100.0 | 1516.0
               +-------+-------+-------+-------+-------+----------------------

Action                     |  1- 3 |  4- 6 |  7- 9 || total
---------------------------+-------+-------+-------++-------
  Melee: Mace              |     8 |       |     4 ||    12
         Giant spiked club |       |    13 |    23 ||    36
 Invoke: Berserk           |     2 |     1 |     1 ||     4
         Trog's Hand       |       |       |     1 ||     1
  Evoke: Wand              |       |       |     1 ||     1
    Use: Potion            |       |       |     1 ||     1
 Armour: Animal skin       |     3 |     2 |       ||     5
         Robe              |       |     4 |    48 ||    52
  Dodge: Dodged            |     2 |     5 |    25 ||    32

Vanquished Creatures
  A kobold demonologist (D)
  A glass eye (D)
  Sigmund (D)
  A slime creature (D)
  A yak (D)
  An ogre (D)
  A jelly (D)
  Ijyb (D)
8 creatures vanquished.
